 Dungeon Crawl Stone Soup version 0.27-a0-200-g8ba017916c (webtiles) character file.

Game seed: 14241664132674416496

792 dolemite99 the Conjurer (level 7, 0/46 HPs)
             Began as a Demonspawn Fire Elementalist on Jan 30, 2021.
             Was an Initiate of Vehumet.
             Slain by a gnoll
             ... wielding a +0 club
              (1 damage)
             ... on level 5 of the Dungeon.
             The game lasted 00:11:32 (7496 turns).

dolemite99 the Conjurer (DsFE)                      Turns: 7496, Time: 00:11:32

Health: 0/46       AC:  4    Str:  8    XL:     7   Next: 57%
Magic:  10/14      EV: 12    Int: 19    God:    Vehumet [......]
Gold:   169        SH:  0    Dex: 13    Spells: 6/14 levels left

rFire    . . .     SeeInvis .   a - +3 dagger (venom)
rCold    . . .     Faith    .   (no shield)
rNeg     . . .     Spirit   .   o - +2 robe {Will+}
rPois    .         Reflect  .   (helmet restricted)
rElec    +         Harm     .   (no cloak)
rCorr    .         Rampage  .   (no gloves)
Will     +....                  (no boots)
Stlth    +++.......             (no amulet)
HPRegen  0.15/turn              b - ring of stealth
MPRegen  0.14/turn              (no ring)

@: lethally poisoned (0 -> -12), attractive, studying Polearms
A: antennae 2, high mp 1, electricity resistance, MP-powered wands, demonic
magic 1
a: Renounce Religion


You were on level 5 of the Dungeon.
You worshipped Vehumet.
Vehumet was noncommittal.
You visited 1 branch of the dungeon, and saw 5 of its levels.

You collected 169 gold pieces.

Inventory:

Hand Weapons
 a - a +3 dagger of venom (weapon)
 f - a +0 trident
 k - a +0 dagger
 l - a +0 quarterstaff
Missiles
 d - 3 boomerangs
 g - 97 stones
 m - 18 arrows
 t - 33 bolts
 w - 19 sling bullets
Armour
 i - a +0 leather armour
 n - a +0 ring mail
 o - a +2 robe of willpower (worn)
 u - a +1 robe
Jewellery
 b - a ring of stealth (left hand)
Wands
 q - a wand of paralysis (8)
Scrolls
 c - 3 scrolls of remove curse {@r2}
 h - 2 scrolls of blinking {unknown}
 j - a scroll of fog {unknown}
 v - a scroll of immolation {unknown}
 x - 3 scrolls of identify {@r1}
 y - a scroll of enchant armour
Potions
 e - a potion of berserk rage {unknown}
 r - a potion of might {unknown}
 s - a potion of attraction
 z - a potion of curing {unknown}
 A - a potion of mutation
 B - a potion of brilliance {unknown}
Books
 p - a manual of Polearms


   Skills:
 + Level 3.3 Polearms
 - Level 1.7 Dodging
 - Level 1.7 Stealth
 - Level 4.0 Spellcasting
 - Level 5.2 Conjurations
 - Level 4.9 Fire Magic


You had 6 spell levels left.
You knew the following spells:

 Your Spells              Type           Power        Failure   Level
a - Foxfire               Conj/Fire      92%          1%          1
b - Sticky Flame          Conj/Fire      23%          17%         4
c - Conjure Flame         Conj/Fire      23%          4%          3

Your spell library contained the following spells:

 Spells                   Type           Power        Failure   Level
 Inner Flame              Hex/Fire       13%          14%         3
 Fireball                 Conj/Fire      11%          43%         5


Dungeon Overview and Level Annotations

Branches:
Dungeon (5/15)
 Temple: D:4-7

Altars:
Qazlal
Vehumet

Annotations:
D:2 Sigmund, Terence
D:4 Ijyb, Natasha


Innate Abilities, Weirdness & Mutations

You have a pair of antennae on your head.
Spells you cast may paralyse adjacent enemies.
You have an increased reservoir of magic. (+10% MP)
You are resistant to electric shocks. (rElec)
You expend magic power (3 MP) to strengthen your wands.


Message History

The foxfire hits the gnoll but does no damage.
The gnoll is moderately wounded.
The foxfire hits the gnoll.
The gnoll is almost dead.
The gnoll hits you but does no damage.
It was a potion of mutation.
You feel extremely strange.
You feel insulated.
You feel more energetic.
You feel your magical essence link to the dungeon's wands.
* * * LOW HITPOINT WARNING * * *
You feel sick.
The gnoll is no longer paralysed.
The gnoll hits you from afar with a +0 spear.
* * * LOW HITPOINT WARNING * * *
The gnoll hits you with a +0 club!
* * * LOW HITPOINT WARNING * * *
It was a potion of attraction.
You feel attractive to monsters.
* * * LOW HITPOINT WARNING * * *
You feel sick. The gnoll misses you. The gnoll barely misses you.
The gnoll misses you. The gnoll hits you with a +0 club.
You die...

######.#....#.#......{
#....#...............
#....# #.....#....... #
#....# #.......# # #....#
#.....#.##### # #....#
#.....#.#...# # #....#
#g....#.'...# # #....#
#gg...#.#...# # #....#
#@g...#.#...###### #>...#
#.....#.#...'..... #....#
#.....#.#...###### #....#
#######.#...# ####
#....#########.#######.##
#............#.##......##
###....#..#..#.#.......##
#......#.....#..###....
#.....##.....#..##.....


You could see 4 gnolls.

Vanquished Creatures
  A sky beast (D:5)
  A phantom (D:5)
  2 ogres (D:5)
  A scorpion (D:5)
  2 hounds (D:5)
  A bullfrog skeleton (D:5)
  Jessica (D:3)
  An iguana (D:4)
  4 gnolls
  12 adders
  A white imp (D:5)
  3 worms
  2 leopard geckos
  3 orcs (D:3)
  5 giant cockroaches
  3 hobgoblins
  19 jackals
  2 kobolds
  2 quokkas
  2 ball pythons (D:1)
  7 bats
  5 frilled lizards
  8 goblins
  A leopard gecko zombie (D:5)
  10 rats
99 creatures vanquished.

Vanquished Creatures (others)
  318 foxfires
  2 plants (D:4)
320 creatures vanquished.

Grand Total: 419 creatures vanquished

Notes
Turn   | Place    | Note
-------+----------+-------------------------------------------
     0 | D:1      | dolemite99 the Demonspawn Fire Elementalist began the quest
                  | for the Orb.
     0 | D:1      | Reached XP level 1. HP: 13/13 MP: 3/3
   604 | D:1      | Reached skill level 2 in Conjurations
   712 | D:1      | Gained mutation: Spells you cast may paralyse adjacent
                  | enemies. [demonic ancestry]
   712 | D:1      | Reached XP level 2. HP: 16/19 MP: 1/5
  2173 | D:2      | Reached XP level 3. HP: 24/24 MP: 1/6
  2444 | D:2      | Found a stormy altar of Qazlal.
  2586 | D:2      | Reached skill level 3 in Conjurations
  2891 | D:2      | Noticed Terence
  2893 | D:2      | Noticed Sigmund
  3623 | D:3      | Reached XP level 4. HP: 30/30 MP: 3/7
  4432 | D:3      | Learned a level 1 spell: Foxfire
  4437 | D:3      | Learned a level 4 spell: Sticky Flame
  4448 | D:3      | Noticed Jessica
  4455 | D:3      | Killed Jessica
  4744 | D:3      | Gained mutation: You have a pair of small antennae on your
                  | head. [demonic ancestry]
  4744 | D:3      | Reached XP level 5. HP: 33/35 MP: 5/8
  5124 | D:3      | Reached skill level 4 in Conjurations
  5621 | D:4      | Learned a level 3 spell: Conjure Flame
  5750 | D:4      | Noticed Natasha
  5963 | D:4      | Noticed Ijyb
  5975 | D:5      | Entered Level 5 of the Dungeon
  6011 | D:5      | Noticed a sky beast
  6035 | D:5      | HP: 1/35 [sky beast (5)]
  6091 | D:5      | Killed a sky beast
  6092 | D:5      | Gained mutation: You have a pair of antennae on your head.
                  | [demonic ancestry]
  6092 | D:5      | Reached XP level 6. HP: 24/41 MP: 6/9
  6268 | D:5      | Reached skill level 5 in Conjurations
  6335 | D:5      | HP: 1/41 [bullfrog skeleton (2)]
  6809 | D:5      | Found a radiant altar of Vehumet.
  6862 | D:5      | Became a worshipper of Vehumet
  6932 | D:5      | Reached XP level 7. HP: 46/46 MP: 9/11
  7024 | D:5      | Reached skill level 1 in Polearms
  7495 | D:5      | Gained mutation: You are resistant to electric shocks.
                  | (rElec) [potion of mutation]
  7495 | D:5      | Gained mutation: You have an increased reservoir of magic.
                  | (+10% MP) [potion of mutation]
  7495 | D:5      | Gained mutation: You expend magic power (3 MP) to
                  | strengthen your wands. [potion of mutation]
  7495 | D:5      | HP: 2/46 [gnoll/+0 club (8)]
  7496 | D:5      | Slain by a gnoll

Illustrated notes

Levels and vault maps discovered:
D:1:      heliophobic_arrival_glass_houses, layout_loops_ring, minmay_ruptured
D:2:      layout_loops_cross, grunt_qazlal_sundering, uniq_sigmund, uniq_terence
D:3:      layout_basic, uniq_jessica
D:4:      lemuel_castle_with_subvaults [lemuel_castle_interior_carwin_1],
          layout_rooms, uniq_pikel, uniq_ijyb, uniq_menkaure, uniq_natasha
D:5:      layout_basic, minmay_temple_entry_slanted, kennysheep_diamond,
          minmay_manual_moon

Skill      XL: |  1  2  3  4  5  6  7 |
---------------+----------------------+-----
Conjurations   | 2 3 4 5 |  5.2
Fire Magic     | 3 4 |  4.9
Spellcasting   | 3 4 |  4.0
Polearms       | 3 |  3.3
Dodging        | |  1.7
Stealth        | |  1.7

Action                   |  1- 3 |  4- 6 |  7- 9 || total
-------------------------+-------+-------+-------++-------
Melee: Unarmed           |     5 |       |       ||     5
       Quarterstaff      |     1 |       |       ||     1
Throw: Boomerang         |       |     1 |       ||     1
 Cast: Foxfire           |    71 |   104 |    15 ||   190
Evoke: Wand              |       |     2 |     6 ||     8
  Use: Scroll            |     3 |     4 |       ||     7
       Potion            |       |     4 |     2 ||     6
Armor: Robe              |    17 |    34 |     5 ||    56
Dodge: Dodged            |    72 |    55 |    14 ||   141

Table legend: (Time is in decaauts)
 A = Elapsed time spent in this place.
 B = Non-inter-level travel time spent in this place.
 C = Inter-level travel time spent in this place.
 D = Time resting spent in this place.
 E = Time spent auto-exploring this place.
 F = Levels seen in this place.
 G = Mean time per level.
                   A        B        C        D        E       F      G
               +--------+--------+--------+--------+--------+-----+--------+
         Total |   7496 |   7379 |    117 |   3906 |   1841 |   5 | 1499.2 |
       Dungeon |   7496 |   7379 |    117 |   3906 |   1841 |   5 | 1499.2 |
               +--------+--------+--------+--------+--------+-----+--------+

Top non-repeatable levels by time:
     D:1: 2308 daAuts
     D:3: 2069 daAuts
     D:5: 1520 daAuts
     D:2: 1171 daAuts
     D:4: 426 daAuts
